[Event "*** Titled Tuesday 3|2 Blitz"]
[Site "Chess.com"]
[Date "2016.07.05"]
[Round "2"]
[White "LaStreetCmaMaison"]
[Black "RobertRis"]
[Result "1-0"]
[WhiteElo "2426"]
[BlackElo "2429"]
[TimeControl "180+2"]
[EndTime "11:21:40 PDT"]
[Termination "LaStreetCmaMaison won on time"]

1. Nf3 d5 2. g3 g6 3. Bg2 Bg7 4. O-O e5 5. c4 dxc4 6. Qa4+ Nc6 7. Qxc4 h6 8. Nc3 Nge7 9. d3 Be6 10. Qa4 O-O 11. Be3 Qd7 12. Rfc1 Rfd8 13. Ne4 Nf5 14. Nc5 Qc8 15. Nxe6 Qxe6 16. Nd2 Ncd4 17. Bxd4 Nxd4 18.
Qd1 c6 19. Ne4 Bf8 20. h4 f5 21. Nc5 Bxc5 22. Rxc5 Rd7 23. e3 Nb5 24. a4 Nc7 25.
Rac1 Rad8 26. R5c3 a5 27. h5 g5 28. Bf1 Kg7 29. Rc5 f4 30. Qf3 Nd5 31. exf4 exf4 32.
Qe4 Qf6 33. Rxa5 Re7 34. Qf3 fxg3 35. Qxf6+ Nxf6 36. fxg3 Nxh5 37. Kh2 Nf6 38. Ra7 Rd4 39. Rxc6 bxc6 40. Rxe7+ Kg6 41. Ra7 Rb4 42. a5 Rxb2+ 43.
Kg1 Kf5 44. a6 Ra2 45. d4 Nd5 46. Rf7+ Kg4 47. Bc4 Ra1+ 48. Kf2 Nc3 49. Be6+ Kh5 50. g4+ Kh4 51. Rh7 Ra2+ 52. Kf3 1-0

[Event "*** Titled Tuesday 3|2 Blitz"]
[Site "Chess.com"]
[Date "2016.07.05"]
[Round "2"]
[White "Izoria123"]
[Black "kpio91"]
[Result "1-0"]
[WhiteElo "2593"]
[BlackElo "2544"]
[TimeControl "180+2"]
[EndTime "11:21:41 PDT"]
[Termination "Izoria123 won by resignation"]

1. e4 e6 2. d4 d5 3. Nc3 Bb4 4. e5 c5 5. a3 Bxc3+ 6. bxc3 Ne7 7. h4 Qc7 8. h5 h6 9. Bd3 Bd7 10. Qg4 cxd4 11. Ne2 dxc3 12. Qxg7 Rg8 13. Qxh6 Nbc6 14. Bf4 Nxe5 15. Kf1 O-O-O 16. Qf6 N7c6 17. Rh4 Rdf8 18. Nd4 Qd8 19. Qxd8+ Kxd8 20. Nxc6+ Nxc6 21. Bh6 Re8 22. Bh7 Rh8 23. Bg5+ Kc8 24. Bd3 e5 25. Bf6 e4 26.
Bxh8 Rxh8 27. Be2 f5 28. Rd1 Ne7 29. Rh3 Kc7 30. Rxc3+ Kd6 31. f3 Rxh5 32. fxe4 Rh1+ 33. Kf2 Rxd1 34. e5+ Kxe5 35. Bxd1 Bc6 36. Re3+ Kf6 37. c3 Ng6 38. Bh5 Ne5 39. Be2 Bd7 40. Rh3 Bc6 41.
Rh8 a6 42. Ke3 Ng6 43. Rc8 d4+ 44. cxd4 Ne7 45. Rf8+ Kg7 46. Rd8 Bxg2 47. Bf3 Bxf3 48. Kxf3 Kf6 49. Rd6+ Kf7 50. Rd7 Ke6 51. Rxb7 Nc6 52.
Rb6 Kd5 53. Rxa6 Nxd4+ 54. Kf4 Kc4 55. Ke5 Nc2 56. Rc6+ Kb3 57. Rxc2 1-0

[Event "*** Titled Tuesday 3|2 Blitz"]
[Site "Chess.com"]
[Date "2016.07.05"]
[Round "2"]
[White "Ginger_GM"]
[Black "platy3"]
[Result "1-0"]
[WhiteElo "2515"]
[BlackElo "2677"]
[TimeControl "180+2"]
[EndTime "11:21:43 PDT"]
[Termination "Ginger_GM won by resignation"]

1. d4 Nf6 2. c4 g6 3. Nc3 Bg7 4. e4 d6 5. Be2 O-O 6. Be3 Nbd7 7. g4 c5 8. d5 b5 9. cxb5 a6 10. g5 Ne8 11. a4 Qa5 12. Ra3 Nc7 13. Bd2 axb5 14.
axb5 Qb6 15. Rxa8 Nxa8 16. Nf3 Nc7 17. O-O Ne5 18. Nxe5 Bxe5 19. Na4 Qb8 20. b6 Na6 21. Bc3 Bf4 22. Bd2 Be5 23. Be3 Nb4 24. f4 Bg7 25.
Bb5 Qb7 26. Bd2 Bd7 27. Bxd7 Qxd7 28. Bxb4 cxb4 29. b3 Qb5 30. Qd2 Rc8 31. Kg2 h5 32. f5 Be5 33. fxg6 fxg6 34. Qf2 Qd3 35. b7 Qxe4+ 36. Qf3 Rc2+ 37. Rf2 Rxf2+ 38. Kxf2 Qc2+ 39. Qe2 Bd4+ 40. Kf1 Qc1+ 41. Qe1 Qf4+ 42. Ke2 Qe4+ 43. Kd1 Qb1+ 44. Ke2 Qe4+ 45. Kd1 Qf3+ 46. Qe2 Qxb3+ 47. Qc2 Qf3+ 48. Qe2 Qxe2+ 49. Kxe2 Ba7 50. Kd3 Kf7 51. Kc4 e6 52. dxe6+ Kxe6 53. Kxb4 Kd7 54. Kb5 Kc7 55.
Ka6 Bd4 56. h4 d5 57. Nc3 Be5 58. Nxd5+ Kc6 59. Ne7+ Kd7 60. Nxg6 Bd6 61. Ka7 1-0

[Event "*** Titled Tuesday 3|2 Blitz"]
[Site "Chess.com"]
[Date "2016.07.05"]
[Round "2"]
[White "amaidel"]
[Black "Cayse"]
[Result "0-1"]
[WhiteElo "2442"]
[BlackElo "2557"]
[TimeControl "180+2"]
[EndTime "11:21:43 PDT"]
[Termination "Cayse won by resignation"]

1. e4 e5 2. Nf3 Nc6 3. Bc4 Nf6 4. d3 Bc5 5. O-O O-O 6. a4 h6 7. c3 d5 8. exd5 Nxd5 9. Nbd2 Nb6 10. Bb5 Bd6 11. a5 Nd5 12. Bxc6 bxc6 13. Nc4 Qf6 14. Qe2 Re8 15. h3 Bf5 16. Be3 e4 17. dxe4 Bxe4 18. Nxd6 cxd6 19. Rfe1 Bxf3 20. Qxf3 Qxf3 21. gxf3 a6 22.
Bd2 Kf8 23. Re4 Rab8 24. Rae1 Nf6 25. Rxe8+ Rxe8 26. Rd1 Ke7 27. c4 Rd8 28. Bc3 Nd7 29. Kf1 f6 30. f4 Nc5 31. b4 Ne6 32. f5 Ng5 33. h4 Nf3 34. b5 cxb5 35. cxb5 axb5 36.
Rd5 Kd7 37. Rxb5 Nxh4 38. Rb7+ Kc6 39. Rxg7 Nxf5 40. Rg6 Rf8 41. Bd2 Kb5 42. Ke2 h5 43. Kd3 d5 44. Rg1 h4 45. Rb1+ Kc6 46. Rb6+ Kd7 47. a6 h3 48. Bf4 Ne7 49. a7 Ra8 50. Rb7+ Ke6 51. Bb8 Nc6 52. Rb6 Kd7 53. Rb7+ Ke6 54.
Rb6 Kd7 55. Rb7+ Kd8 56. Rh7 Nxb8 57. axb8=Q+ Rxb8 58.
Rxh3 Rb3+ 0-1

[Event "*** Titled Tuesday 3|2 Blitz"]
[Site "Chess.com"]
[Date "2016.07.05"]
[Round "2"]
[White "Abrito99"]
[Black "PowerThinking2650"]
[Result "1-0"]
[WhiteElo "2320"]
[BlackElo "2135"]
[TimeControl "180+2"]
[EndTime "11:22:03 PDT"]
[Termination "Abrito99 won by resignation"]

1. e4 e5 2. Nf3 Nc6 3. Bc4 Nf6 4. d3 Be7 5. O-O O-O 6. Re1 d6 7. a4 Na5 8. Ba2 c5 9. c3 Qc7 10. Na3 a6 11. Bd2 Rb8 12. b4 Nc6 13. b5 Nd8 14.
Rb1 b6 15. bxa6 Bxa6 16. Bc4 Bxc4 17. Nxc4 Ne6 18. Qb3 Nd7 19. Ne3 Nf6 20. g3 Ra8 21.
Ra1 Ra6 22. Ra2 Rfa8 23. Rea1 Qc6 24. Nd5 Bd8 25. Ne1 h5 26. Nc2 h4 27. Nce3 hxg3 28. hxg3 Qb7 29. Nc4 Nxd5 30. Nxd6 Qd7 31. Qxd5 Rxa4 32.
Rxa4 Rxa4 33. Rxa4 Qxa4 34. Be3 Qd1+ 35. Kg2 Bf6 36.
Nc4 Nf4+ 37. Bxf4 exf4 38. e5 Bg5 39. Qa8+ Kh7 40. Qe4+ g6 41. Nxb6 fxg3 42. fxg3 Qc2+ 43. Kh3 Qxc3 44. Nd5 Qc1 45. Qf3 Kg7 46. Nc7 Qe3 47.
Ne8+ Kg8 48. Qxe3 Bxe3 49. Kg4 Kf8 50. Nf6 Bd4 51. Kf3 Ke7 52. Ke4 Ke6 53. Ng4 f5+ 54.
exf6 Bxf6 55. Nxf6 Kxf6 56. Kd5 Kg5 57. Kxc5 Kg4 58.
d4 Kxg3 59. d5 1-0

[Event "*** Titled Tuesday 3|2 Blitz"]
[Site "Chess.com"]
[Date "2016.07.05"]
[Round "2"]
[White "bilelou"]
[Black "cool64chess"]
[Result "1/2-1/2"]
[WhiteElo "2259"]
[BlackElo "2210"]
[TimeControl "180+2"]
[EndTime "11:22:07 PDT"]
[Termination "Game drawn - insufficient material"]

1. d4 d5 2. c4 e6 3. Nf3 Nf6 4. g3 Be7 5. Bg2 O-O 6. O-O dxc4 7.
Ne5 Nc6 8. Nxc6 bxc6 9. Na3 Bxa3 10. bxa3 Nd5 11. Qa4 Rb8 12. Qxc4 Rb6 13. Rd1 Ba6 14.
Qc2 Qd7 15. e4 Nf6 16. Bg5 Rfb8 17. Rac1 Rb2 18. Qxc6 Qxc6 19. Rxc6 Bb7 20. Rxc7 Bxe4 21. Bf1 Ne8 22. Rc3 h6 23. Be7 Rxa2 24. Bc5 a5 25. Re1 Bd5 26. h4 Rbb2 27. f3 Nf6 28. Rce3 Nh5 29.
Bd6 g6 30. g4 Ng7 31. Be5 h5 32. R1e2 hxg4 33. fxg4 Rxe2 34. Bxe2 f5 35. h5 gxh5 36. gxh5 Kh7 37. Kf1 Ra1+ 38. Kf2 Ra2 39. Rc3 Be4 40. Rc7 Bd3 41. Rxg7+ Kh6 42. Ke3 Bxe2 43. Rg6+ Kxh5 44. Rxe6 Bg4 45. Re7 Rxa3+ 46. Kf2 Rf3+ 47. Kg2 Rb3 48. d5 Rd3 49. d6 Kg6 50. Re6+ Kf7 51. Re7+ Kg6 52.
Rg7+ Kh6 53. Ra7 Rd5 54. Bf4+ Kg6 55. d7 Kf6 56. Bg3 Rd2+ 57. Kf1 Ke6 58. Rxa5 Kxd7 59. Ra7+ Ke6 60. Ra5 Rd5 61. Rxd5 Kxd5 62. Bh2 Ke4 63. Bb8 f4 64. Bxf4 Kxf4 1/2-1/2

[Event "*** Titled Tuesday 3|2 Blitz"]
[Site "Chess.com"]
[Date "2016.07.05"]
[Round "2"]
[White "stefanodinn"]
[Black "Mornar1951"]
[Result "1/2-1/2"]
[WhiteElo "2251"]
[BlackElo "2494"]
[TimeControl "180+2"]
[EndTime "11:22:18 PDT"]
[Termination "Game drawn by agreement"]

1. e4 e6 2. d4 d5 3. Nd2 c5 4. exd5 Qxd5 5. dxc5 Bxc5 6. Ngf3 Nf6 7. Bc4 Qc6 8. Qe2 a6 9. O-O O-O 10. Nb3 Bd6 11. Bd3 Nbd7 12. Bg5 b5 13. c4 b4 14. Rac1 h6 15. c5 hxg5 16. cxd6 Qxd6 17. Nxg5 Bb7 18. Rfd1 Qf4 19. Qd2 Qxd2 20. Rxd2 Rfd8 21. Rcd1 Bd5 22.
f3 a5 23. Kf2 a4 24. Nc1 a3 25. bxa3 Rxa3 26. Ne4 Rda8 27. Nxf6+ Nxf6 28. Rb2 Rb8 29. Rdd2 g6 30. Ne2 Kg7 31. Nf4 g5 32. Nxd5 Nxd5 33. Bc4 Nc3 34. Bb3 Rb7 35. Ke3 Kf6 36.
g3 Rba7 37. Kd4 Rc7 38. Rbc2 Ra5 39. Ke3 Re5+ 40. Kf2 Rb7 41. Rd4 Ra5 42. Rcd2 Ra3 43. f4 g4 44. Kg2 Ra5 45. h3 gxh3+ 46. Kxh3 Ra8 47. Kg2 Rg8 48. Kf3 Rh8 49. R2d3 Rh2 50. Rd2 Rh1 51. Kg2 Ra1 52. Kf3 Rc1 53. Kf2 Rb6 54.
Kf3 Ra1 55. Kg2 Kg6 56. Kf3 f5 57. Rd6 Rxd6 58. Rxd6 Ne4 59. Rxe6+ Kg7 60. Rb6 Rf1+ 61. Ke3 Re1+ 62. Kd4 Nxg3 63. Rxb4 Re4+ 64. Kc5 Rxb4 65. Kxb4 Ne2 66. Bc2 Nxf4 67. Bxf5 Kf6 68. Be4 Ke5 69. Bf3 Kd6 70. Kb5 Ne6 71. Kb6 Nc5 72. Bd1 Kd5 73. Bf3+ Kc4 74. Bc6 Kb4 75. Bd5 Na4+ 76. Kc7 Nc3 77. Be6 1/2-1/2

[Event "*** Titled Tuesday 3|2 Blitz"]
[Site "Chess.com"]
[Date "2016.07.05"]
[Round "2"]
[White "Tonychess32"]
[Black "TyIerDurden"]
[Result "1/2-1/2"]
[WhiteElo "2398"]
[BlackElo "2428"]
[TimeControl "180+2"]
[EndTime "11:22:19 PDT"]
[Termination "Game drawn by repetition"]

1. e4 e5 2. Nf3 Nc6 3. Bc4 Nf6 4. d3 d6 5. Bb3 Be7 6. O-O a6 7. c3 O-O 8. Re1 b5 9. Nbd2 Bb7 10. Nf1 h6 11. Ne3 Na5 12. Bc2 c5 13. Bd2 Nc6 14.
Nf5 Bc8 15. Ng3 d5 16. Qe2 d4 17. cxd4 Nxd4 18. Nxd4 cxd4 19. Bb3 Bg4 20. f3 Bd7 21. f4 exf4 22. Bxf4 a5 23. Nh5 Nxh5 24. Qxh5 Bg5 25. Rf1 Bxf4 26. Rxf4 Be6 27. Bxe6 fxe6 28. Rxf8+ Qxf8 29.
Qxb5 Qf4 30. Qc4 Qe3+ 31. Kh1 Kh7 32. a3 Rf8 33. h3 Rf2 34. b4 axb4 35. axb4 Qg3 36.
Rg1 e5 37. b5 Rd2 38. b6 Rb2 39. Qe6 Qg5 40. Qd6 Qe3 41. Qxe5 Rxb6 42. Qf5+ Kh8 43. Ra1 Rb8 44. Qf1 Kh7 45. Re1 Qg3 46. e5 Rb2 47. Qf5+ Kg8 48. Rg1 Qf2 49. Qg6 Re2 50.
e6 Re3 51. Ra1 Re1+ 52. Rxe1 Qxe1+ 53. Kh2 Qe5+ 54. Qg3 Qxe6 55. Qb8+ Kh7 56. Qf4 Qd5 57. h4 g5 58. hxg5 hxg5 59. Qf6 Kg8 60. Qe7 Kh8 61. Kg1 Kg8 62. Kh2 Kh8 63. Kg3 Kg8 64. Kh2 Kh8 65. Qc7 Qg8 66. Kg3 Qe8 67. Kh2 Qe3 68. Qc8+ Kh7 69.
Qd7+ Kg6 70. Qc6+ Kf5 71. Qd7+ Kg6 72. Qc6+ Kf5 73. Qd5+ Qe5+ 74. Qxe5+ Kxe5 75. Kg3 Kf5 76. Kf3 g4+ 77. Ke2 Kf4 78. Kf2 g3+ 79. Ke2 Kg4 80.
Kd2 Kf4 81. Ke2 Kg4 82. Kd2 Kf4 83. Ke2 1/2-1/2

[Event "*** Titled Tuesday 3|2 Blitz"]
[Site "Chess.com"]
[Date "2016.07.05"]
[Round "2"]
[White "Rock700chess"]
[Black "StoreySniper"]
[Result "1/2-1/2"]
[WhiteElo "2222"]
[BlackElo "2353"]
[TimeControl "180+2"]
[EndTime "11:22:51 PDT"]
[Termination "Game drawn - insufficient material"]

1. d4 g6 2. c4 Bg7 3. Nc3 c5 4. d5 Bxc3+ 5. bxc3 f5 6. e4 fxe4 7. f3 e3 8. Bxe3 Qa5 9. Qd2 d6 10. Ne2 Nf6 11. Ng3 Nbd7 12. Be2 Ne5 13. Bh6 Bf5 14. Bg7 Rg8 15. Bxf6 exf6 16. f4 Nf7 17. O-O O-O-O 18.
Nxf5 gxf5 19. Bd3 Nh6 20. Qc2 Kb8 21. Rab1 Rde8 22. Rfe1 a6 23. g3 Ka7 24. Kg2 Ng4 25. Qd2 Nh6 26. Qc2 Ng4 27. Qd2 Nh6 28. h3 Qc7 29. Re6 Qg7 30. Qf2 Rxe6 31. dxe6 Qc7 32.
Re1 Qc6+ 33. Qf3 Qa4 34. e7 Re8 35. Re2 Qd7 36. Qe3 Ng8 37. Qe6 Qxe6 38. Rxe6 Rxe7 39. Rxd6 Re1 40. Kf3 Rd1 41. Ke2 Ra1 42. Bxf5 Rxa2+ 43. Kd3 Ne7 44. Bxh7 Rh2 45. Rd7 Nc6 46. Be4 Kb6 47. h4 a5 48. Bxc6 Kxc6 49. Rf7 a4 50. Rxf6+ Kc7 51.
Rf8 Rh3 52. Rg8 Kb6 53. Ke4 Ka7 54. Rd8 Rxg3 55. Rd2 Rxc3 56. Ra2 Rxc4+ 57. Kd5 Rxf4 58. Kxc5 Rf5+ 59. Kb4 b5 60. Rh2 Kb6 61. h5 Rf4+ 62.
Kc3 b4+ 63. Kd3 a3 64. h6 Rf8 65. Kc4 Ka5 66. h7 Rh8 67. Kb3 Kb5 68. Rh5+ Kc6 69.
Kxb4 a2 70. Rh1 Rxh7 71. Ra1 Ra7 72. Kb3 Kc5 73. Rxa2 Rg7 74. Rc2+ Kb5 75. Rc8 Rg3+ 76. Kc2 Rg6 77. Kd3 Rc6 78. Rxc6 Kxc6 1/2-1/2

[Event "*** Titled Tuesday 3|2 Blitz"]
[Site "Chess.com"]
[Date "2016.07.05"]
[Round "2"]
[White "FLchessplayer"]
[Black "rikyshi"]
[Result "1/2-1/2"]
[WhiteElo "2069"]
[BlackElo "2110"]
[TimeControl "180+2"]
[EndTime "11:22:59 PDT"]
[Termination "Game drawn - insufficient material"]

1. e4 e6 2. d4 d5 3. Nd2 c5 4. exd5 Qxd5 5. Ngf3 cxd4 6. Bc4 Qd8 7. O-O Bd6 8. Nb3 Ne7 9. Nbxd4 a6 10. Bb3 Nbc6 11.
c3 Qc7 12. h3 e5 13. Nxc6 Nxc6 14. Ng5 O-O 15. Qd3 g6 16. Ne4 Be7 17. Bg5 Bxg5 18. Nxg5 Bf5 19. Qe3 h6 20. Ne4 Bxe4 21. Qxe4 Kg7 22.
Rad1 Rad8 23. Qe3 Ne7 24. Rxd8 Rxd8 25. Re1 f6 26. Qe2 Qc5 27. Rd1 Rd6 28. Rxd6 Qxd6 29.
Kf1 Nf5 30. Ke1 b5 31. Qe4 h5 32. Qb7+ Kh6 33. Qf3 a5 34. a3 b4 35. axb4 axb4 36. Bc2 bxc3 37. bxc3 Ne7 38. Qe3+ g5 39. g3 Qc6 40.
Be4 Nd5 41. Bxd5 Qxd5 42. g4 hxg4 43. hxg4 Qc4 44. Qh3+ Kg7 45. Kd2 Qf4+ 46. Kc2 Qa4+ 47. Kc1 Qa3+ 48. Kd2 Qb2+ 49. Ke1 Qc1+ 50. Ke2 Qc2+ 51. Kf1 Qd1+ 52. Kg2 Qd5+ 53. Kh2 Qc5 54.
Kg2 e4 55. Qe3 Qd5 56. Qa7+ Kg6 57. Qe3 Qe6 58. Kg3 Qe5+ 59. Kh3 Qf4 60. Qe2 Kf7 61. Qc4+ Ke7 62. Qc5+ Qd6 63. Qe3 Qd5 64. Kg3 Ke6 65.
f3 Qe5+ 66. Kf2 Qh2+ 67. Ke1 Qh1+ 68. Ke2 Qg2+ 69. Ke1 Qxf3 70. Qxf3 exf3 71. Kf2 f5 72. gxf5+ Kxf5 73. Kxf3 Ke5 74. Kg4 Kd5 75. Kxg5 Kc4 76. Kf5 Kxc3 1/2-1/2

[Event "*** Titled Tuesday 3|2 Blitz"]
[Site "Chess.com"]
[Date "2016.07.05"]
[Round "2"]
[White "oskariot"]
[Black "ruifeng"]
[Result "1-0"]
[WhiteElo "2266"]
[BlackElo "2298"]
[TimeControl "180+2"]
[EndTime "11:23:03 PDT"]
[Termination "oskariot won by resignation"]

1. e4 c5 2. Nf3 d6 3. d4 cxd4 4. Nxd4 Nf6 5. Nc3 a6 6. f4 e5 7. Nf3 Qc7 8. a4 Nbd7 9. Bd3 Be7 10. O-O O-O 11. Qe1 Nc5 12. fxe5 dxe5 13. Bg5 Be6 14. Qg3 Kh8 15. Qh4 Nxd3 16. cxd3 Bc5+ 17. Kh1 Ng4 18. Rac1 f6 19. Bd2 Qb6 20. Nd5 Bxd5 21. Qxg4 Be6 22. Qg3 Rfd8 23. a5 Qb5 24. b4 Bf8 25. d4 exd4 26.
e5 fxe5 27. Nxe5 Bd6 28. Rce1 Bxe5 29. Qxe5 Qxe5 30. Rxe5 Bc4 31. Rfe1 Bb5 32. Re7 Bc6 33. h4 Re8 34. Kh2 Kg8 35. h5 Rxe7 36. Rxe7 Kf8 37.
Rc7 Re8 38. h6 gxh6 39. Bxh6+ Kg8 40. Rg7+ Kh8 41. Rg4 d3 42. Rd4 Rg8 43. g4 Bf3 44. Kg3 Be2 45. Rd7 Re8 46. Bg7+ Kg8 47. Bc3 Rc8 48.
Be5 Re8 49. Kf4 Rf8+ 50. Kg5 Rc8 51. Rg7+ Kf8 52. Rxh7 Rc6 53. Rd7 Re6 54. Kf5 Rc6 55. g5 Bh5 56. Bf6 Be8 57. Rxd3 Rc1 58. Rd8 Rf1+ 59.
Ke5 Re1+ 60. Kf4 Kf7 61. Rd6 Bc6 62. Kf5 Be4+ 63. Kf4 Bc6 64. Kg4 Re4+ 65. Kf5 Re8 66. g6+ Kg8 67. Kg5 Be4 68. Rd4 Bc6 69. Rh4 1-0

[Event "*** Titled Tuesday 3|2 Blitz"]
[Site "Chess.com"]
[Date "2016.07.05"]
[Round "2"]
[White "Aragon"]
[Black "Wolverine_master"]
[Result "0-1"]
[WhiteElo "2094"]
[BlackElo "2039"]
[TimeControl "180+2"]
[EndTime "11:23:05 PDT"]
[Termination "Wolverine_master won by resignation"]

1. e4 e5 2. Nf3 Nc6 3. Nc3 Nf6 4.
g3 Bb4 5. Bg2 d6 6. O-O Bxc3 7.
dxc3 Nxe4 8. Nxe5 Nxe5 9. Bxe4 O-O 10. Qh5 Ng6 11. Bg5 Qe8 12. Rae1 Qb5 13. Bd3 Qxb2 14. f4 f5 15. Bc4+ Kh8 16. Bf7 Rxf7 17. Re8+ Rf8 18. Rxf8+ Nxf8 19. Qf7 Be6 20. Qxc7 Qb6+ 21. Qxb6 axb6 22.
Rb1 Nd7 23. Be7 Rxa2 24. Re1 Bd5 25. Bxd6 h6 26. Re7 Nc5 27. Be5 Ne6 28. Rd7 Bc4 29. Rxb7 b5 30. g4 Ra1+ 31. Kf2 Rf1+ 32. Ke3 Re1+ 33.
Kd2 Re2+ 34. Kd1 fxg4 35. Re7 Kh7 36. Rxe6 Rxh2 37. Re7 Kg6 38. Rxg7+ Kf5 39. Rh7 Ke4 40. Kc1 g3 41. Bc7 g2 42. Re7+ Kf3 43. Bb6 Rh1+ 44.
Kb2 g1=Q 45. Bxg1 Rxg1 46. f5 Rg8 47. Rh7 Rf8 48. Rxh6 Rxf5 49. Ka3 Ke2 50. Kb4 Kd1 51. Rh2 Rd5 52. Rg2 Rd2 53. Rg1+ Kxc2 54. Rg3 Rd1 55. Rg2+ Rd2 56. Rg3 Kb2 57. Rh3 Ka2 58. Rg3 Rb2+ 59. Kc5 Kb3 60. Rh3 Rc2 61. Kd4 Rd2+ 62. Ke4 Rd1 63. Rg3 Re1+ 64. Kd4 Rd1+ 65. Ke4 Rc1 66. Kd4 Kb2 67. Rg2+ Rc2 68. Rg3 Rd2+ 69. Ke4 Kc2 70. Rh3 Rd3 71. Rxd3 Bxd3+ 72. Kd4 Bc4 0-1

[Event "*** Titled Tuesday 3|2 Blitz"]
[Site "Chess.com"]
[Date "2016.07.05"]
[Round "2"]
[White "ChessWarrior7197"]
[Black "Sanan_Sjugirov"]
[Result "0-1"]
[WhiteElo "2506"]
[BlackElo "2664"]
[TimeControl "180+2"]
[EndTime "11:23:15 PDT"]
[Termination "Sanan_Sjugirov won by resignation"]

1. e4 e5 2. Nf3 Nc6 3. Bb5 a6 4. Ba4 Nf6 5. O-O Be7 6. d3 b5 7.
Bb3 d6 8. a3 Na5 9. Ba2 c5 10.
Bg5 Be6 11. Bxf6 Bxf6 12. Nc3 Nc6 13. Nd5 O-O 14. b4 g6 15. Qd2 Bg7 16. Ng5 Rb8 17. Rab1 a5 18. f4 Bh6 19. bxc5 dxc5 20. h4 Bxd5 21. Bxd5 Ne7 22. Ba2 c4 23. Qf2 exf4 24.
dxc4 bxc4 25. Bxc4 Bxg5 26. hxg5 Rxb1 27. Rxb1 Qc7 28.
Bb3 Qe5 29. Rf1 Qxg5 30. Qxf4 Qxf4 31. Rxf4 Kg7 32. e5 Nc6 33. Rc4 Nxe5 34. Rc5 Ng4 35. Rxa5 Rd8 36. Kf1 Rd2 37. Ra7 Ne3+ 38. Ke1 Rxg2 39.
Rxf7+ Kh6 40. Rf2 Rg1+ 41. Ke2 Ng4 42. Rf7 Rh1 43. a4 Kg5 44. a5 Ra1 45. Rxh7 Rxa5 46. Bc4 Re5+ 47. Kd2 Nf6 48. Rh2 Ne4+ 49. Kc1 Kf4 50. Bd3 g5 51. Be2 Ng3 52. Bd1 Ne4 53. Rg2 Ra5 54. Rg4+ Kf5 55. Rg2 Ra1+ 56. Kb2 Rxd1 57. c4 Rd2+ 58. Rxd2 Nxd2 59. c5 Ne4 60. c6 g4 61. Kc2 Kf4 62. Kd3 Nd6 63. Ke2 g3 64. c7 Kg4 65. Kf1 Kf3 66. Kg1 g2 0-1

[Event "*** Titled Tuesday 3|2 Blitz"]
[Site "Chess.com"]
[Date "2016.07.05"]
[Round "2"]
[White "mwpchess"]
[Black "twofoxniel"]
[Result "1/2-1/2"]
[WhiteElo "2413"]
[BlackElo "2521"]
[TimeControl "180+2"]
[EndTime "11:25:36 PDT"]
[Termination "Game drawn - insufficient material"]

1. e4 d5 2. exd5 Nf6 3. d4 Bg4 4. f3 Bf5 5. g4 Bg6 6. c4 e6 7. Nc3 exd5 8. g5 Nfd7 9. Nxd5 Be7 10. Nxe7 Qxe7+ 11. Qe2 Nc6 12. Qxe7+ Kxe7 13. Be3 Nb4 14. Kf2 Nc2 15. Rc1 Nxe3 16. Kxe3 Rhe8 17. h4 Kf8+ 18. Kf2 c5 19. Bh3 Rad8 20. Bxd7 Rxd7 21. d5 Rde7 22. h5 Bd3 23. h6 g6 24. Rh4 Re5 25. Rc3 Bb1 26. Ra3 a6 27. Rb3 b5 28. cxb5 axb5 29. Rxb5 Rxd5 30. a4 Rd2+ 31. Kg3 Bd3 32. Rxc5 Rxb2 33.
Rd4 Bf1 34. Nh3 Rg2+ 35. Kf4 Rh2 36. Rc1 Rxh3 37. Rd7 Bc4 38. Rc7 Be6 39. a5 Rh4+ 40. Kg3 Ra4 41. R1c5 Ra8 42. Rb7 R4xa5 43. Rxa5 Rxa5 44.
Rb8+ Ke7 45. f4 Rc5 46. Rh8 Rc8 47. Rxh7 Rg8 48. Kf3 Kd6 49. Ke3 Kd5 50. Rg7 Rh8 51. Kf3 Kd4 52. h7 Kd3 53. f5 gxf5 54. Kf4 Kd4 55.
g6 fxg6 56. Rxg6 Kd5 57. Rh6 Kd6 58. Kg5 Ke7 59. Kg6 Kf8 60. Kf6 Bd7 61. Kg6 Be8+ 62. Kxf5 Kg7 63. Rh2 Bg6+ 64. Kg5 Bxh7 65. Ra2 Bg6 66.
Ra7+ Bf7 67. Rb7 Rh5+ 68. Kg4 Re5 69. Kf4 Re1 70. Ra7 Kf6 71. Ra6+ Be6 72. Rb6 Rc1 73. Ke4 Rc4+ 74. Kd3 Rg4 75. Ke3 Ke5 76. Rb8 Rg3+ 77. Kf2 Rc3 78. Re8 Kf5 79. Ke2 Ra3 80. Kd2 Ke5 81.
Re7 Kd5 82. Ke2 Bf5 83. Re8 Kd4 84. Rd8+ Ke4 85. Re8+ Kf4 86. Kd2 Rd3+ 87. Ke2 Rc3 88. Kd1 Kf3 89. Rf8 Kf4 90. Kd2 Rc2+ 91. Kd1 Rb2 92.
Kc1 Rc2+ 93. Kd1 Ra2 94. Kc1 Ke5 95. Rd8 Be4 96. Rd2 Ra1+ 97. Kb2 Rb1+ 98. Kc3 Rc1+ 99.
Kb2 Rc6 100. Rd8 Kf4 101. Kb3 Ke3 102. Kb4 Bd3 103. Re8+ Kd2 104. Rd8 Rc4+ 105. Ka5 Rc6 106. Kb4 Kc2 107. Rh8 Rc4+ 108. Ka5 Kc3 109. Kb6 Kb4 110. Rd8 Be4 111. Rd6 Rc8 112. Rd4+ Rc4 113. Rxc4+ Kxc4 1/2-1/2

[Event "*** Titled Tuesday 3|2 Blitz"]
[Site "Chess.com"]
[Date "2016.07.05"]
[Round "3"]
[White "AndreyOstrovskiy"]
[Black "Rock700chess"]
[Result "1-0"]
[WhiteElo "2489"]
[BlackElo "2219"]
[TimeControl "180+2"]
[EndTime "11:29:11 PDT"]
[Termination "AndreyOstrovskiy won by resignation"]

1. e4 e5 2. Nf3 Nc6 3. Bb5 a6 4. Ba4 Nf6 5. O-O Nxe4 6. d4 b5 7. Bb3 d5 8. dxe5 Be6 9. Be3 Be7 10. c3 Nc5 11. Nbd2 Nd3 12. Nd4 Nxd4 13. cxd4 Nxb2 14.
Qh5 Nc4 15. Nxc4 dxc4 16. Bc2 Qd7 17. Be4 Bd5 18. e6 Bxe6 19. Bxa8 1-0

[Event "*** Titled Tuesday 3|2 Blitz"]
[Site "Chess.com"]
[Date "2016.07.05"]
[Round "3"]
[White "Mornar1951"]
[Black "Er_is_geen_hoop_meer"]
[Result "1-0"]
[WhiteElo "2499"]
[BlackElo "2328"]
[TimeControl "180+2"]
[EndTime "11:29:54 PDT"]
[Termination "Mornar1951 won by resignation"]

1. Nf3 e6 2. g3 f5 3. Bg2 Nf6 4. O-O Be7 5. c4 O-O 6. b3 d6 7. d4 Ne4 8. Bb2 a5 9. Nc3 Bf6 10. e3 Qe8 11. Rc1 Qh5 12. Nxe4 fxe4 13. Nd2 Qxd1 14.
Rfxd1 d5 15. cxd5 exd5 16. Rxc7 Nc6 17. f3 Bd8 18. Rxc8 Rxc8 19. fxe4 Nb4 20. exd5 Rc2 21. Ba3 Bg5 22. Nf1 Rxa2 23. Bxb4 axb4 24. h4 Rff2 25. Bh3 Be7 26. e4 Rf3 27. e5 Rxb3 28. d6 Kf8 29. Be6 Rxg3+ 30. Nxg3 Ra3 31. Rf1+ Ke8 32.
Nh5 1-0

[Event "*** Titled Tuesday 3|2 Blitz"]
[Site "Chess.com"]
[Date "2016.07.05"]
[Round "3"]
[White "thymathgeek"]
[Black "RamonManon0g"]
[Result "1/2-1/2"]
[WhiteElo "2073"]
[BlackElo "2230"]
[TimeControl "180+2"]
[EndTime "11:29:55 PDT"]
[Termination "Game drawn by agreement"]

1. d4 Nf6 2. c4 g6 3. Nf3 Bg7 4. g3 O-O 5. Bg2 d6 6. O-O Nbd7 7. Nc3 e5 8. e3 c6 9. b3 Re8 10. Ba3 Qa5 11. Bb2 exd4 12. exd4 d5 13. Qd2 dxc4 14.
bxc4 Qb4 15. Rfe1 Qxc4 16. Rxe8+ Nxe8 17. Re1 Ndf6 18. Re7 Qb4 19. Qe2 Be6 20. Rxe6 fxe6 21. Qxe6+ Kh8 22. Ng5 Qf8 23. Nf7+ Kg8 24. Nh6+ Kh8 25.
Nf7+ Kg8 26. Nh6+ 1/2-1/2

[Event "*** Titled Tuesday 3|2 Blitz"]
[Site "Chess.com"]
[Date "2016.07.05"]
[Round "3"]
[White "OparinGrigoriy"]
[Black "Indianlad"]
[Result "1-0"]
[WhiteElo "2645"]
[BlackElo "2596"]
[TimeControl "180+2"]
[EndTime "11:30:21 PDT"]
[Termination "OparinGrigoriy won by resignation"]

1. e4 c5 2. Nf3 d6 3. d4 cxd4 4. Nxd4 Nf6 5. Nc3 a6 6. h3 e5 7. Nb3 b5 8. a4 b4 9. Nd5 Nxd5 10. Qxd5 Ra7 11. Be3 Be6 12. Qd2 Rb7 13. a5 Be7 14. Be2 O-O 15. O-O Qc8 16. Bb6 Qc6 17. Bd3 Nd7 18. Bxa6 Rbb8 19. Bd3 Nxb6 20. axb6 Qxb6 21. Ra6 Qd8 22. Rfa1 Bg5 23. Qe2 Bf4 24. Bc4 Bxc4 25. Qxc4 Rc8 26. Qd3 Qc7 27. g3 Bh6 28. Na5 Qxc2 29.
Qxc2 Rxc2 30. b3 f5 31. exf5 Rxf5 32. Rf1 Rfxf2 33. Rxf2 1-0

[Event "*** Titled Tuesday 3|2 Blitz"]
[Site "Chess.com"]
[Date "2016.07.05"]
[Round "3"]
[White "ruifeng"]
[Black "Quiet_Desperation"]
[Result "1-0"]
[WhiteElo "2315"]
[BlackElo "2194"]
[TimeControl "180+2"]
[EndTime "11:30:52 PDT"]
[Termination "ruifeng won by resignation"]

1. e4 Nc6 2. Nf3 d6 3. d4 Nf6 4.
Nc3 d5 5. exd5 Nxd5 6. Bc4 e6 7. O-O Be7 8. Ne4 O-O 9. c3 Nb6 10. Bd3 f5 11. Ng3 Nd5 12. Re1 Bf6 13. a3 a6 14.
Nh5 Bd7 15. Nxf6+ Qxf6 16. Bg5 Qg6 17. Bc4 Rae8 18. Bxd5 exd5 19. Bf4 Rc8 20. Qd2 Na5 21. Ne5 Qe6 22. Qc2 Rce8 23. Re3 Bb5 24. Rae1 Qb6 25. a4 Bc4 26. Nd7 Rxe3 27. Rxe3 Qc6 28. Nxf8 Kxf8 29. Qxf5+ 1-0

[Event "*** Titled Tuesday 3|2 Blitz"]
[Site "Chess.com"]
[Date "2016.07.05"]
[Round "3"]
[White "cool64chess"]
[Black "jeaston1"]
[Result "1-0"]
[WhiteElo "2217"]
[BlackElo "2159"]
[TimeControl "180+2"]
[EndTime "11:31:09 PDT"]
[Termination "cool64chess won by resignation"]

1. d4 d5 2. c4 dxc4 3. e3 Nf6 4. Bxc4 a6 5. a4 e6 6. Nf3 c5 7. O-O Nc6 8. Nc3 cxd4 9. exd4 Be7 10. h3 O-O 11.
Bf4 Bd6 12. Ne5 Ne7 13. Re1 b6 14. Qf3 Rb8 15. Bg5 Bb7 16. Qe2 Nd7 17. Nxf7 Rxf7 18. Qxe6 Qf8 19. Qxd6 1-0